 Dungeon Crawl Stone Soup version 0.30-a0-777-ga9a30cbeda (console) character file.

Game seed: 10008917846379543084

17 rlgrobin the Insei (level 2, 0/24 HPs)
             Began as a Mummy Monk on Feb 14, 2023.
             Slain by a bat (1 damage)
             ... on level 1 of the Dungeon.
             The game lasted 00:00:50 (208 turns).

rlgrobin the Insei (Mummy Monk)                      Turns: 208, Time: 00:00:51

Health: 0/24       AC:  0    Str: 14    XL:     2   Next: 44%
Magic:  2/2        EV: 12    Int:  9    God:
Gold:   31         SH:  0    Dex: 14    Spells: 1/1 levels left

rFire   x . .      SeeInvis .      - Unarmed
rCold   + . .      Faith    +    (no shield)
rNeg    + + +      Spirit   .    (no body armour)
rPois   ∞          Reflect  .    (no helmet)
rElec   .          Harm     .    (no cloak)
rCorr   .          Rampage  .    (no gloves)
Will    .....                    (no boots)
Stlth   ++                       (no amulet)
HPRegen 0.24/turn                (no ring)
MPRegen 0.08/turn                (no ring)

@: no status effects
A: cold resistance 1, negative energy resistance 3, torment resistance 2, heat
vulnerability 1, no potions, faith
a: no special abilities


You were on level 1 of the Dungeon.
You visited 1 branch of the dungeon, and saw 1 of its levels.

You collected 31 gold pieces.

Inventory:

Scrolls
 a - a scroll of poison {unknown}


   Skills:
 - Level 3.0 Fighting
 - Level 2.4 Dodging
 - Level 1.5 Stealth
 + Level 3.2 Unarmed Combat


You had one spell level left.
You didn't know any spells.
Your spell library was empty.

Dungeon Overview and Level Annotations

Branches:
Dungeon (1/15)

Altars:


Innate Abilities, Weirdness & Mutations

You are immune to poison.
Your flesh is cold resistant. (rC+)
You are immune to negative energy. (rN+++)
You are immune to unholy pain and torment.
You are vulnerable to heat. (rF-)
You do not drink.
You have a special connection with the divine. (Faith)


Message History

* * * LOW HITPOINT WARNING * * *
You closely miss the frilled lizard.
The frilled lizard is severely wounded.
The bat hits you.
* * * LOW HITPOINT WARNING * * *
The frilled lizard closely misses you.
You barely miss the frilled lizard.
The frilled lizard is severely wounded.
The bat barely misses you. The frilled lizard misses you.
You hit the frilled lizard.
You kill the frilled lizard!
The bat barely misses you. The bat closely misses you.
You see here a frilled lizard corpse.
You miss the bat. The bat hits you.
* * * LOW HITPOINT WARNING * * *
The bat hits you.
* * * LOW HITPOINT WARNING * * *
You hit the bat but do no damage. The bat closely misses you.
You closely miss the bat. The bat hits you.
* * * LOW HITPOINT WARNING * * *
The bat hits you.
* * * LOW HITPOINT WARNING * * *
You closely miss the bat. The bat hits you.
* * * LOW HITPOINT WARNING * * *
The bat completely misses you.
You miss the bat. The bat closely misses you.
You closely miss the bat. The bat misses you. The bat hits you.
* * * LOW HITPOINT WARNING * * *
You hit the bat.
The bat is moderately wounded.
The bat hits you.
* * * LOW HITPOINT WARNING * * *
The bat hits you.
* * * LOW HITPOINT WARNING * * *
You closely miss the bat.
The bat is moderately wounded.
The bat hits you.
You die...

##.... #..... #.
#..... #.# ......
..## #.)... ..#
#..... ######.##
##.... #.......###
#+...
#...@b#...#####..##..
#>.†..............##.
#.........#####....##
#.....##....###......
#.....###.#..........
####### #..####......
##...##......
###.##......
#...†.....


You could see a bat.

Vanquished Creatures
  A dart slug (D:1)
  2 giant cockroaches (D:1)
  3 goblins (D:1)
  2 hobgoblins (D:1)
  2 kobolds (D:1)
  3 frilled lizards (D:1)
13 creatures vanquished.

Notes
Turn   | Place    | Note
-------+----------+-------------------------------------------
     0 | D:1      | rlgrobin the Mummy Monk began the quest for the Orb.
     0 | D:1      | Reached XP level 1. HP: 18/18 MP: 1/1
    69 | D:1      | Reached XP level 2. HP: 19/24 MP: 2/2
   207 | D:1      | HP: 1/24 [bat (1)]
   208 | D:1      | Slain by a bat

Illustrated notes

Levels and vault maps discovered:
D:1:      lemuel_arrival_rhombus, layout_rooms, minmay_cupped

Skill      XL: |  1 |
---------------+----+-----
Unarmed Combat | 3 |  3.2
Fighting       | |  3.0
Dodging        | |  2.4
Stealth        | |  1.5

Action                     || total
---------------------------++-------
  Melee: Unarmed           ||    59
         Punch             ||     1
   Stab: Sleeping          ||     2
  Dodge: Dodged            ||    39

Table legend: (Time is in decaauts)
 A = Elapsed time spent in this place.
 B = Non-inter-level travel time spent in this place.
 C = Inter-level travel time spent in this place.
 D = Time resting spent in this place.
 E = Time spent auto-exploring this place.
 F = Levels seen in this place.
 G = Mean time per level.
                   A        B        C        D        E       F      G
               +--------+--------+--------+--------+--------+-----+--------+
         Total |    204 |    204 |      0 |      0 |     77 |   1 |  204.0 |
       Dungeon |    204 |    204 |      0 |      0 |     77 |   1 |  204.0 |
               +--------+--------+--------+--------+--------+-----+--------+

Top non-repeatable levels by time:
     D:1: 204 daAuts
